 Dungeon Crawl Stone Soup version 0.24.0-13-gcf9b3192b9 (webtiles) character file.

Game seed: 8572831471801132033, levelgen mode: deterministic

37 Monsterracer the Conjurer (level 3, -2/29 HPs)
             Began as a Merfolk Conjurer on Nov 6, 2019.
             Shot with a stone by a goblin (5 damage)
             ... on level 2 of the Dungeon.
             The game lasted 00:01:49 (1705 turns).

Monsterracer the Conjurer (Merfolk Conjurer)        Turns: 1705, Time: 00:01:50

Health: -2/29      AC:  4    Str:  9    XL:     3   Next: 41%
Magic:  0/6        EV: 13    Int: 14    God:
Gold:   104        SH:  0    Dex: 14    Spells: 5/6 levels left

rFire    . . .     SeeInvis .   d - +0 short sword
rCold    . . .     Gourm    .   (no shield)
rNeg     . . .     Faith    .   a - +0 robe
rPois    .         Spirit   .   (no helmet)
rElec    .         Reflect  .   o - +0 cloak
rCorr    .         Harm     .   n - +0 pair of gloves
MR       .....                  (no boots)
Stlth    ++........             (no amulet)
HPRegen  0.09/turn              (no ring)
MPRegen  0.10/turn              (no ring)

@: no status effects
A: change form in water, swift swim, stealthy swim
a: no special abilities


You were on level 2 of the Dungeon.
You were not hungry.

You visited 1 branch of the dungeon, and saw 2 of its levels.

You collected 104 gold pieces.

Inventory:

Hand Weapons
 d - a +0 short sword (weapon)
   (You found it on level 1 of the Dungeon)
Armour
 a - a +0 robe (worn)
 n - a +0 pair of gloves (worn)
   (You found it on level 2 of the Dungeon)
 o - a +0 cloak (worn)
   (You found it on level 2 of the Dungeon)
Scrolls
 f - a scroll of enchant weapon {unknown}
 g - 2 scrolls of enchant armour {unknown}
 h - a scroll of amnesia {unknown}
 i - 2 scrolls of fear {unknown}
 m - a scroll of identify {unknown}
Potions
 b - 2 potions of lignification {unknown}
 e - 2 potions of flight {unknown}
 j - a potion of might {unknown}
 k - a potion of agility {unknown}
 l - 2 potions of curing {unknown}
Comestibles
 c - 5 rations
 p - 2 chunks of flesh


   Skills:
 * Level 3.2 Fighting
 + Level 2.7 Dodging
 - Level 2.1 Stealth
 - Level 2.0 Spellcasting
 - Level 3.2 Conjurations


You had 5 spell levels left.
You knew the following spells:

 Your Spells              Type           Power        Failure   Level  Hunger
a - Magic Dart            Conj           ##..         6%          1    ##.....

Your spell library contained the following spells:

 Spells                   Type           Power        Failure   Level  Hunger
 Searing Ray              Conj           ##....       10%         2    ###....
 Dazzling Spray           Conj/Hex       #.....       36%         3    ####...
 Iskenderun's Mystic Bla  Conj           ##......     52%         4    #####..
 Force Lance              Conj/Tloc      #.......     77%         4    #####..
 Fulminant Prism          Conj/Hex       #.........   77%         4    #####..


Dungeon Overview and Level Annotations

Branches:
Dungeon (2/15)

Altars:


Message History

The goblin shoots a stone.
The stone barely misses you.
You see here a stone.
The leopard gecko barely misses you.
You closely miss the leopard gecko. The leopard gecko bites you.
You hit the leopard gecko but do no damage.
The leopard gecko bites you. The leopard gecko misses you.
You hit the leopard gecko.
The leopard gecko is almost dead.
The leopard gecko completely misses you.
You miss the leopard gecko.
The leopard gecko is almost dead.
The leopard gecko bites you.
You closely miss the leopard gecko.
The leopard gecko is almost dead.
The leopard gecko closely misses you. The leopard gecko misses you.
You hit the leopard gecko.
You kill the leopard gecko!
A bat comes into view.
The bat moves out of view.
The worm bites you.
You see here a leopard gecko corpse.
You hit the worm.
The worm is moderately wounded.
The worm misses you.
Casting: Magic Dart (safe; 6% risk of failure)
Confirm with . or Enter, or press ? or * to list all spells.
Aiming: Magic Dart (safe; 6% risk of failure)
Press: ? - help, Shift-Dir - straight line, f - worm
Aim: a worm (moderately wounded)
The magic dart hits the worm.
The worm is moderately wounded.
Casting: Magic Dart (safe; 6% risk of failure)
Confirm with . or Enter, or press ? or * to list all spells.
Aiming: Magic Dart (safe; 6% risk of failure)
Press: ? - help, Shift-Dir - straight line, f/p - worm
Aim: a worm (moderately wounded)
The magic dart hits the worm.
The worm is heavily wounded.
A rat comes into view.
The worm bites you.
Casting: Magic Dart (safe; 6% risk of failure)
Confirm with . or Enter, or press ? or * to list all spells.
Aiming: Magic Dart (safe; 6% risk of failure)
Press: ? - help, Shift-Dir - straight line, f/p - worm
Aim: a worm (moderately wounded)
The magic dart hits the worm.
The worm is heavily wounded.
Casting: Magic Dart (safe; 6% risk of failure)
Confirm with . or Enter, or press ? or * to list all spells.
Aiming: Magic Dart (safe; 6% risk of failure)
Press: ? - help, Shift-Dir - straight line, f/p - worm
Aim: a worm (heavily wounded)
The magic dart hits the worm.
The worm is severely wounded.
The worm bites you.
* * * LOW HITPOINT WARNING * * *
Unknown command.
Casting: Magic Dart (safe; 6% risk of failure)
Confirm with . or Enter, or press ? or * to list all spells.
Aiming: Magic Dart (safe; 6% risk of failure)
Press: ? - help, Shift-Dir - straight line, f/p - worm
Aim: a worm (severely wounded)
The magic dart hits the worm but does no damage.
The worm is severely wounded.
The worm closely misses you.
Casting: Magic Dart (safe; 6% risk of failure)
Confirm with . or Enter, or press ? or * to list all spells.
Aiming: Magic Dart (safe; 6% risk of failure)
Press: ? - help, Shift-Dir - straight line, f/p - worm
Aim: a worm (severely wounded)
The magic dart hits the worm but does no damage.
The worm is severely wounded.
You hit the worm.
The worm is almost dead.
The worm closely misses you.
You hit the worm.
The worm is almost dead.
The worm barely misses you.
You hit the worm but do no damage.
The worm is almost dead.
You hit the worm but do no damage.
The worm is almost dead.
The worm bites you.
* * * LOW HITPOINT WARNING * * *
Casting: Magic Dart (safe; 6% risk of failure)
Confirm with . or Enter, or press ? or * to list all spells.
Aiming: Magic Dart (safe; 6% risk of failure)
Press: ? - help, Shift-Dir - straight line, f/p - worm
Aim: a worm (almost dead)
The magic dart hits the worm.
The worm is almost dead.
You hit the worm but do no damage.
The worm is almost dead.
The worm bites you!
* * * LOW HITPOINT WARNING * * *
You hit the worm.
You kill the worm!
The goblin shoots a stone.
The stone hits you but does no damage.
The goblin shoots a stone.
The stone hits you.
You die...

#...#####.## ##..#
####.........# #..#
######............## ##.##
.....÷.###..######.###.##
.#####.# #..# ##...## #.# #..#
###.##### #.###..# #.#...##
#......#########...# .#
#.###>.....@.†gr(.###.#
##.###..#########...#..##
##.#.##..# #.......#
####.###.#..# #.......# ....##
##...#### #.......#
.###.###......... .......r... .#
##.#.#.....................#
.#####.###.########...$.....#...
.......# #.# #.#.......##(#


You could see a goblin and a rat.

Vanquished Creatures
  An ooze (D:2)
  2 worms (D:2)
  A leopard gecko (D:2)
  6 bats (D:1 D:2)
  A giant cockroach (D:2)
  3 goblins (D:1 D:2)
  3 hobgoblins (D:1 D:2)
  2 kobolds (D:1)
  A ball python (D:2)
  2 frilled lizards (D:1)
  6 rats (D:2)
28 creatures vanquished.

Notes
Turn   | Place    | Note
-------+----------+-------------------------------------------
     0 | D:1      | Monsterracer the Merfolk Conjurer began the quest for the
                  | Orb.
     0 | D:1      | Reached XP level 1. HP: 13/13 MP: 3/3
   168 | D:1      | Reached skill level 1 in Fighting
   333 | D:1      | Reached XP level 2. HP: 22/22 MP: 0/5
   924 | D:2      | HP: 7/22 [worm (11)]
   925 | D:2      | HP: 2/22 [worm (5)]
  1287 | D:2      | Reached XP level 3. HP: 28/28 MP: 1/6
  1694 | D:2      | HP: 13/29 [worm (6)]
  1700 | D:2      | HP: 11/29 [worm (2)]
  1702 | D:2      | HP: 2/29 [worm (9)]
  1705 | D:2      | Shot with a stone by a goblin

Levels and vault maps discovered:
D:1:      minmay_arrival_stone_box, layout_basic
D:2:      layout_loops_ring, first_ration, minmay_tall_x

Skill      XL: |  1  2  3 |
---------------+----------+-----
Fighting       | 1 2 3 |  3.2
Dodging        | |  2.7
Stealth        | |  2.1
Spellcasting   | |  2.0
Conjurations   | |  3.2

Action                   || total
-------------------------++-------
Melee: Short sword       ||    41
 Cast: Magic Dart        ||    48
 Stab: Sleeping          ||     1
  Eat: Chunk             ||     3
Armor: Robe              ||    20
Dodge: Dodged            ||    42
